 Dungeon Crawl Stone Soup version 0.25.0-1-g7eea58d2a3 (webtiles) character file.

Game seed: 5435767276632453215

14 Delamore the Shield-Bearer (level 2, 0/19 HPs)
             Began as a Gargoyle Fighter on June 14, 2020.
             Slain by a frilled lizard (1 damage)
             ... on level 1 of the Dungeon.
             The game lasted 00:00:38 (522 turns).

Delamore the Shield-Bearer (Gargoyle Fighter)        Turns: 522, Time: 00:00:38

Health: 0/19       AC:  9    Str: 19    XL:     2   Next: 41%
Magic:  2/2        EV:  7    Int:  8    God:
Gold:   27         SH:  9    Dex:  9    Spells: 1/1 levels left

rFire    . . .     SeeInvis .   a - +0 flail
rCold    . . .     Gourm    .   c - +0 kite shield
rNeg     + . .     Faith    .   b - +0 scale mail
rPois    ∞         Spirit   .   (no helmet)
rElec    +         Reflect  .   (no cloak)
rCorr    .         Harm     .   (no gloves)
MR       .....                  (no boots)
Stlth    ..........             (no amulet)
HPRegen  0.06/turn              (no ring)
MPRegen  0.08/turn              (no ring)

@: brilliant
A: negative energy resistance 1, electricity resistance, unbreathing,
petrification resistance, rot immunity, AC +2
a: no special abilities


You were on level 1 of the Dungeon.
You were not hungry.

You visited 1 branch of the dungeon, and saw 1 of its levels.

You collected 27 gold pieces.

Inventory:

Hand Weapons
 a - a +0 flail (weapon)
Armour
 b - a +0 scale mail (worn)
 c - a +0 kite shield (worn)
Scrolls
 e - a scroll of fear {unknown}
 h - a scroll of fog {unknown}
Potions
 d - a potion of might
Comestibles
 f - a ration
 g - a chunk of flesh


   Skills:
 - Level 3.2 Fighting
 + Level 3.0 Maces & Flails
 - Level 3.2 Armour
 - Level 3.2 Shields


You had one spell level left.
You didn't know any spells.
Your spell library was empty.

Dungeon Overview and Level Annotations

Branches:
Dungeon (1/15)

Altars:


Innate Abilities, Weirdness & Mutations

You are resistant to torment.
Your stone body is resilient. (AC +2)
You are immune to poison.
You resist negative energy. (rN+)
You are resistant to electric shocks. (rElec)
You can survive without breathing.
You are immune to petrification.
You are immune to rotting.


Message History

The frilled lizard bites you but does no damage.
Your shield and scale mail prevent you from hitting the goblin.
The goblin is moderately wounded.
The frilled lizard barely misses you. You block the goblin's attack.
The frilled lizard bites you but does no damage.
Your shield and scale mail prevent you from hitting the goblin.
The goblin is moderately wounded.
You block the frilled lizard's attack. The frilled lizard barely misses you.
You block the goblin's attack.
You hit the goblin.
You kill the goblin!
Your Maces & Flails skill increases to level 3!
The frilled lizard bites you.
* * * LOW HITPOINT WARNING * * *
The frilled lizard barely misses you. You block the frilled lizard's attack.
You barely miss the frilled lizard.
The frilled lizard completely misses you.
The frilled lizard bites you but does no damage. x2
You block the frilled lizard's attack. The frilled lizard bites you.
You die...

#.# #####..##..#......l....
#.###.................#####
#..##.###......#.....##
######.........#####....##
#......##.##.#.# #....#
##........##.#.### #.l#.# ###
##....##....#...####..l###.##
#####..........l##..# #...#....#
#.............#l@l..###g..#.##.##
#.............####...##..........
#......÷......# ##...#.##..###..
#..(..........## ##....##..# ###
#....####.[....## #.#..#..## ###
#....# #..###..####.......####..
#....# ##............#.#^......[
#....# ###.###...#....##.###...
###### #.##........###.# ##..


You could see 3 frilled lizards.

Vanquished Creatures
  A dart slug (D:1)
  3 goblins (D:1)
  A hobgoblin (D:1)
  A kobold (D:1)
  A bat (D:1)
  4 frilled lizards (D:1)
  A rat (D:1)
12 creatures vanquished.

Notes
Turn   | Place    | Note
-------+----------+-------------------------------------------
     0 | D:1      | Delamore the Gargoyle Fighter began the quest for the Orb.
     0 | D:1      | Reached XP level 1. HP: 14/14 MP: 1/1
   230 | D:1      | Reached XP level 2. HP: 17/19 MP: 2/2
   522 | D:1      | Slain by a frilled lizard

Illustrated notes

Levels and vault maps discovered:
D:1:      nzn_arrival_depleted_hourglass, layout_rooms, minmay_lizard_pond

Skill      XL: |  1  2 |
---------------+-------+-----
Maces & Flails | 3 |  3.0
Fighting       | |  3.2
Armour         | |  3.2
Shields        | |  3.2

Action                   || total
-------------------------++-------
Melee: Flail             ||    69
  Use: Potion            ||     2
Armor: Scale mail        ||    67
Dodge: Dodged            ||    39
Block: Kite shield       ||    61
